Map: King's Cove LE

Players

Smeeeger

  • Race: Zerg Zerg
  • League: Platinum
  • Spawn Location: 5:00

MightyMicah - Winner!

  • Race: Protoss Protoss
  • League: Diamond
  • Spawn Location: 11:00

VOD

Have the link to the VOD?

Description

Time

  • Played on: July 19, 2019, 4:10 p.m.
  • Length: 13:35
Show
View Real Time Build Order
Export as new Build Order

Smeeeger Zerg 

Build Orders: Hatch First 

Get SALT Encoding   

  12  0:01  Drone  
  13  0:14  Overlord  
  13  0:18  Drone  
  14  0:32  Drone  
  14  0:33  Drone  
  16  0:36  Drone  
  17  0:57  Drone  
  17  0:58  Hatchery  
  17  1:02  Drone  
  18  1:11  Extractor  
  17  1:17  Spawning Pool  
  16  1:20  Drone  
  16  1:23  Drone  
  18  1:30  Drone  
  19  1:41  Overlord  
  19  2:04  Queen  
  19  2:05  Zergling x4  
  23  2:10  Queen  
  23  2:11  Zergling x2  
  26  2:16  Roach Warren  
  26  2:19  Zergling x2  
  26  2:27  Zergling x4  
  28  2:39  Spine Crawler  
  27  2:44  Metabolic Boost  
  24  3:16  Zergling x6  
  27  3:37  Overlord x2  
  26  3:46  Overlord  
  27  3:55  Roach  
  27  4:01  Roach  
  25  4:29  Roach  
  25  4:30  Roach x2  
  31  4:36  Roach  
  31  4:37  Roach  
  34  4:48  Roach  
  35  5:25  Hatchery  
  30  5:39  Lair  
  30  5:42  Hatchery  
  29  5:52  Drone  
  29  5:53  Drone x6  
  29  5:54  Drone, Overlord  
  37  6:14  Drone  
  38  6:27  Ravager  
  38  6:28  Ravager  
  40  6:42  Queen  
  40  6:46  Drone x7  
  49  6:55  Queen  
  49  6:56  Queen  
  49  7:00  Roach x3  
  59  7:08  Spore Crawler  
  58  7:10  Spore Crawler x2  
  58  7:11  Drone x2  
  58  7:17  Overlord, Extractor  
  57  7:34  Drone, Queen  
  57  7:35  Overlord x2  
  60  7:37  Drone  
  60  7:39  Drone  
  60  7:42  Glial Reconstitution  
  62  7:48  Drone x2  
  64  7:58  Drone x2  
  64  7:59  Drone x2  
  64  8:00  Drone x2  
  64  8:01  Drone  
  71  8:05  Hydralisk Den  
  71  8:11  Drone x3  
  73  8:29  Drone x2, Extractor  
  73  8:30  Roach x4  
  73  8:31  Extractor  
  81  8:34  Extractor  
  81  8:39  Drone x2  
  81  8:40  Drone, Extractor  
  82  8:42  Overlord x2  
  82  8:56  Overlord x2  
  82  9:02  Drone x3  
  85  9:03  Drone x2  
  85  9:04  Drone  
  85  9:06  Drone x2  
  85  9:07  Drone  
  91  9:13  Muscular Augments  
  91  9:16  Drone x3  
  94  9:22  Hydralisk  
  96  9:25  Overlord x2  
  96  9:32  Drone x2  
  96  9:33  Roach x2  
  102  9:41  Hydralisk x3  
  108  9:46  Overseer, Overlord  
  108  9:47  Pneumatized Carapace  
  108  9:49  Hydralisk  
  108  9:50  Hydralisk  
  112  9:53  Hydralisk  
  114  10:00  Evolution Chamber  
  114  10:01  Evolution Chamber  
  112  10:08  Drone x3  
  112  10:12  Hydralisk  
  112  10:13  Hydralisk  
  119  10:14  Hatchery, Hydralisk  
  119  10:18  Hydralisk  
  119  10:20  Drone  
  119  10:21  Drone  
  124  10:24  Grooved Spines  
  124  10:27  Baneling Nest  
  123  10:48  Hydralisk x7  
  137  10:52  Zerg Ground Armor Level 1, Zerg Missile Weapons Level 1  
  137  10:58  Spine Crawler  
  136  11:06  Hydralisk  
  136  11:08  Overlord x3  
  136  11:09  Overlord x2  
  138  11:20  Centrifical Hooks  
  138  11:23  Overlord  
  138  11:24  Overlord x2  
  138  11:25  Overlord  
  138  11:26  Drone  
  138  11:27  Drone x2  
  138  11:30  Hydralisk  
  138  11:32  Drone  
  144  11:37  Drone x4  
  148  11:40  Queen  
  118  12:00  Roach x4  
  118  12:01  Roach x6  
  121  12:04  Zergling x6  
  121  12:05  Zergling x2  
  123  12:14  Infestation Pit  
  122  12:20  Hydralisk x5  
  122  12:21  Hydralisk  
  134  12:23  Drone x2  
  134  12:27  Drone x3  
  134  12:29  Ravager x3  
  143  12:30  Ravager  
  143  12:37  Roach x3  
  143  12:38  Roach x2  
  143  12:39  Roach  
  155  12:46  Drone x3  
  155  12:49  Extractor  
  155  12:50  Drone x4, Extractor  
  155  12:51  Drone x2  
  162  12:52  Drone  
  163  13:08  Baneling  
  163  13:09  Baneling x7  
Show
View Real Time Build Order
Export as new Build Order

MightyMicah Protoss - Winner!

Build Orders:  

Get SALT Encoding   

  12  0:04  Probe  
  13  0:16  Probe  
  14  0:21  Pylon  
  14  0:28  Probe  
  15  0:37  Probe  
  15  0:41  Gateway  
  16  0:45  Probe  
  17  0:54  Probe  
  17  1:02  Probe  
  18  1:04  Forge  
  18  1:10  Probe  
  20  1:19  Pylon  
  20  1:20  Probe  
  21  1:33  Probe  
  22  1:42  Pylon  
  22  1:45  Probe  
  23  1:57  Probe  
  24  2:02  Photon Cannon x2  
  24  2:09  Probe  
  25  2:32  Cybernetics Core  
  25  2:35  Gateway  
  25  2:39  Probe, Photon Cannon  
  26  2:55  Zealot, Probe, Pylon  
  29  3:05  Nexus  
  29  3:17  Shield Battery  
  29  3:21  Pylon  
  29  3:23  Assimilator  
  26  3:41  Probe  
  26  3:49  Pylon  
  26  3:51  Probe  
  27  3:59  Probe  
  27  4:03  Zealot  
  27  4:07  Probe  
  27  4:09  Assimilator  
  31  4:20  Probe  
  32  4:25  Probe  
  32  4:26  Zealot  
  32  4:27  Warp Gate  
  35  4:35  Photon Cannon  
  35  4:37  Probe  
  36  4:39  Probe  
  37  4:47  Probe  
  37  4:49  Probe  
  38  5:01  Probe  
  38  5:03  Probe  
  40  5:13  Probe, Assimilator  
  41  5:15  Probe  
  41  5:21  Probe  
  42  5:27  Probe  
  44  5:28  Pylon  
  44  5:29  Probe  
  44  5:32  Stargate  
  45  5:37  Probe x2  
  45  5:39  Assimilator  
  47  5:45  Probe  
  47  5:46  Probe  
  49  5:53  Probe  
  49  5:54  Probe  
  49  5:57  Photon Cannon  
  51  6:05  Probe  
  51  6:06  Probe, Void Ray  
  53  6:15  Pylon  
  53  6:17  Probe  
  58  6:23  Twilight Council  
  58  6:25  Forge  
  58  6:28  Pylon  
  58  6:29  Probe x2  
  60  6:36  Pylon  
  60  6:41  Probe  
  60  6:42  Protoss Ground Weapons Level 1, Probe  
  62  6:49  Phoenix  
  62  6:53  Probe  
  65  7:11  Zealot x2  
  69  7:16  Gateway x2  
  69  7:17  Phoenix, Pylon  
  69  7:18  Pylon  
  71  7:23  Robotics Facility  
  71  7:25  Robotics Facility  
  70  7:31  Nexus  
  70  7:34  Probe x2  
  70  7:36  Pylon  
  72  7:42  Probe, Charge  
  72  7:45  Probe  
  72  7:48  Protoss Ground Armor Level 1  
  72  7:50  Probe  
  74  7:53  Probe  
  76  8:00  Probe  
  76  8:03  Probe  
  76  8:05  Phoenix  
  81  8:12  Probe  
  81  8:15  Probe  
  81  8:17  Pylon  
  81  8:19  Shield Battery  
  82  8:20  Pylon  
  82  8:22  Photon Cannon  
  82  8:25  Probe  
  83  8:27  Probe  
  83  8:33  Observer x2  
  86  8:37  Probe, Sentry x2  
  86  8:38  Stalker  
  86  8:39  Probe  
  94  8:49  Probe  
  94  8:51  Probe  
  96  9:01  Probe  
  93  9:21  Immortal x2  
  93  9:22  Probe x3  
  104  9:26  Assimilator  
  104  9:27  Assimilator  
  104  9:28  Zealot x4  
  112  9:48  Gateway  
  112  9:49  Gateway  
  112  9:50  Pylon  
  112  9:52  Gateway, Void Ray  
  116  9:54  Stalker x3  
  116  9:55  Pylon, Stalker  
  116  9:57  Robotics Bay  
  124  10:14  Protoss Ground Armor Level 2  
  124  10:15  Immortal x2  
  124  10:16  Probe x2  
  124  10:17  Probe  
  124  10:18  Zealot x3  
  133  10:21  Protoss Ground Weapons Level 2, Stalker  
  143  10:28  Probe  
  144  10:45  Colossus  
  144  10:49  Observer  
  143  10:52  Extended Thermal Lance  
  150  11:00  Zealot  
  150  11:01  Zealot x2  
  150  11:03  Zealot x2  
  150  11:04  Zealot x2  
  162  11:07  Pylon  
  162  11:11  Pylon  
  164  11:12  Pylon  
  164  11:16  Pylon  
  164  11:22  Pylon  
  164  11:27  Nexus  
  164  11:30  Pylon  
  164  11:32  Colossus  
  170  11:40  Colossus  
  141  12:06  Void Ray  
  145  12:13  Shield Battery, Pylon  
  145  12:15  Shield Battery  
  145  12:17  Zealot x4  
  145  12:18  Zealot x2  
  157  12:29  Immortal  
  161  12:36  Colossus  
  167  12:49  Void Ray  
  171  12:53  Assimilator  
  171  12:57  Assimilator  
  171  13:08  Templar Archives  
  171  13:09  Sentry x2  
  171  13:11  Stalker x2  
  171  13:12  Stalker x2  
Tags
 
Add a new tag
Caveats
  • Supply blocks, unpowered buildings, or Contaminate may cause inaccurate times.
  • Supply counts are checked every 10 seconds.